[Event "Early-Titled-Tuesday-Blitz-January-16-2024"]
[Site "Chess.com"]
[Date "2024.01.16"]
[Round "1"]
[White "garfield_pg"]
[Black "Martial2008"]
[Result "0-1"]
[WhiteElo "2395"]
[BlackElo "2728"]
[TimeControl "180+1"]
[EndTime "8:07:58 PST"]
[Termination "Martial2008 won by resignation"]

1. d4 Nf6 2. Bf4 e6 3. e3 d5 4.
Nf3 Bd6 5. Ne5 O-O 6. Nd2 c5 7. c3 Qc7 8. Bd3 Nc6 9. Ndf3 Ne4 10. Bg3 f6 11. Nxc6 Qxc6 12. Bxe4 dxe4 13. Nd2 cxd4 14.
Bxd6 Qxd6 15. Nxe4 Qc6 16. Qxd4 e5 17. Qb4 a5 18. Qb3+ Be6 19. Qc2 Bf5 20. f3 Rfd8 21.
O-O Bxe4 22. fxe4 Rd7 23. Rad1 Rad8 24. a4 Qc4 25. Rxd7 Rxd7 26. Rd1 Rxd1+ 27. Qxd1 Qxe4 28.
Kf2 h6 29. g3 Qf5+ 30. Kg2 Kh7 31. Qd2 Qe4+ 32. Kg1 Qxa4 33. Qd3+ e4 34. Qd2 Qc4 35. Qf2 Qd5 36. Kg2 b5 37. Qe2 a4 38. Qc2 Kg6 39.
Kf2 Qd3 40. Qxd3 exd3 41. e4 f5 42. exf5+ Kxf5 43. Ke3 Kg4 44. Kxd3 Kh3 45. c4 bxc4+ 46. Kxc4 Kxh2 47. Kb4 Kxg3 48. Kxa4 h5 49. b4 h4 50.
b5 h3 51. b6 h2 52. b7 h1=Q 53. b8=Q+ Kg4 54. Qc8+ Kg5 55. Qd8+ Kg6 56. Qe8+ Kh7 57. Qf7 Qe4+ 58. Kb5 Qe5+ 59. Kc4 Qe4+ 60. Kc3 Qg6 61.
Qf4 Qf6+ 62. Qxf6 gxf6 63. Kd4 Kg6 64. Ke4 Kg5 65. Kf3 Kf5 66. Kg3 Ke4 67. Kg2 Kf4 68.
Kf2 f5 69. Ke2 Kg3 70. Ke1 Kg2 0-1

[Event "Early-Titled-Tuesday-Blitz-January-16-2024"]
[Site "Chess.com"]
[Date "2024.01.16"]
[Round "1"]
[White "Maxfan2008"]
[Black "MyDream003"]
[Result "1-0"]
[WhiteElo "2490"]
[BlackElo "2855"]
[TimeControl "180+1"]
[EndTime "8:07:59 PST"]
[Termination "Maxfan2008 won by checkmate"]

1. d4 Nf6 2. c4 g6 3. Nf3 Bg7 4. g3 O-O 5. Bg2 d6 6. O-O Nbd7 7. Nc3 e5 8. e4 c6 9. h3 exd4 10. Nxd4 Re8 11. Re1 a5 12. Be3 Nc5 13. Qc2 Qe7 14. f3 Nfd7 15. Rad1 Nb6 16. b3 Nbd7 17. Bf2 Nf8 18.
f4 h5 19. a3 Nfe6 20. Nf3 Nf8 21. b4 axb4 22. axb4 Ncd7 23. Qd2 Nh7 24. Bd4 Ndf6 25. e5 dxe5 26. Nxe5 Be6 27. Bc5 Qc7 28. Bd6 Qb6+ 29. c5 Qd8 30. b5 Qc8 31. bxc6 bxc6 32. Bxc6 Bxh3 33. Bxa8 Qxa8 34. Nd5 Qa3 35. Kh2 Bf5 36. Re3 Qa4 37. Rde1 Nxd5 38. Qxd5 Be6 39. Qe4 Qa2+ 40. R3e2 Qa5 41. Nc6 Qa3 42. Ne7+ Kh8 43. Nxg6+ fxg6 44. Qxg6 Nf6 45. Rxe6 Rxe6 46. Rxe6 Ng4+ 47. Kh3 Nf2+ 48. Kh4 Qf3 49. Re8+ Bf8 50. Rxf8# 1-0

[Event "Early-Titled-Tuesday-Blitz-January-16-2024"]
[Site "Chess.com"]
[Date "2024.01.16"]
[Round "1"]
[White "HamedWafa4"]
[Black "N4700000"]
[Result "1-0"]
[WhiteElo "2861"]
[BlackElo "2463"]
[TimeControl "180+1"]
[EndTime "8:07:59 PST"]
[Termination "HamedWafa4 won on time"]

1. e4 e6 2. d4 d5 3. e5 c5 4. c3 Nc6 5. Nf3 Nge7 6. Na3 cxd4 7. cxd4 Ng6 8. h4 Bb4+ 9. Bd2 Bxd2+ 10. Qxd2 h6 11.
h5 Nge7 12. Nb5 O-O 13. Nd6 Nf5 14. Nxf5 exf5 15. Bd3 Qb6 16. Qf4 Qb4+ 17. Qd2 Qb6 18. Be2 Be6 19. O-O Rfc8 20. Rfc1 a5 21. Rc5 a4 22. Rac1 a3 23. b3 Qd8 24. b4 Qb6 25. Rb5 Qa7 26. Rbc5 Qb6 27. Qc3 Kh7 28. Bd3 Ne7 29. g4 Kg8 30. gxf5 Nxf5 31. Rxc8+ Rxc8 32. Qxc8+ Bxc8 33. Rxc8+ Kh7 34. Bxf5+ g6 35. hxg6+ fxg6 36. Bh3 Qxb4 37. Rc7+ Kg8 38. e6 Qb1+ 39. Kg2 Qe4 40.
Rc8+ Kg7 41. Rc7+ Kf8 42. Rf7+ Ke8 43. Rg7 g5 44. Rg8+ Ke7 45. Rg7+ Ke8 46. Rf7 g4 47. Kg3 1-0

[Event "Early-Titled-Tuesday-Blitz-January-16-2024"]
[Site "Chess.com"]
[Date "2024.01.16"]
[Round "1"]
[White "pirulillo"]
[Black "KNCP_719"]
[Result "0-1"]
[WhiteElo "2281"]
[BlackElo "2623"]
[TimeControl "180+1"]
[EndTime "8:07:59 PST"]
[Termination "KNCP_719 won on time"]

1. e4 Nf6 2. e5 Nd5 3. d4 d6 4. Nf3 g6 5. Be2 Bg7 6. O-O O-O 7. c4 Nb6 8. exd6 cxd6 9. Nc3 Nc6 10. Be3 Bg4 11. b3 d5 12. c5 Nc8 13. h3 Bxf3 14. Bxf3 e6 15. a3 N8e7 16. b4 Nf5 17. Ne2 Qh4 18.
Bg4 Nxe3 19. fxe3 Qg5 20. Qb3 Bh6 21. Nf4 Qh4 22. Rae1 Bxf4 23. exf4 Nxd4 24. Qd3 Qf6 25. Rd1 Nf5 26. Bxf5 Qxf5 27. Qb5 Rab8 28. Qd7 Qf6 29. Qa4 a6 30. c6 bxc6 31. Qxc6 Qb2 32. Rd3 Ra8 33. Rc1 Qe2 34. Rdc3 Qd2 35. Rf3 Qd4+ 36. Kh2 Rfb8 37. f5 Qe5+ 38. Rg3 exf5 39. Rd1 Rd8 40. Rd3 d4 41. Kg1 a5 42. Rgf3 Rac8 0-1

[Event "Early-Titled-Tuesday-Blitz-January-16-2024"]
[Site "Chess.com"]
[Date "2024.01.16"]
[Round "1"]
[White "tactic"]
[Black "LuminaryHunter"]
[Result "1-0"]
[WhiteElo "2553"]
[BlackElo "1886"]
[TimeControl "180+1"]
[EndTime "8:07:59 PST"]
[Termination "tactic won by resignation"]

1. d4 d5 2. c4 e6 3. Nf3 Nf6 4. g3 Be7 5. Bg2 O-O 6. O-O dxc4 7. Ne5 Nc6 8. Nxc6 bxc6 9. Na3 c3 10. bxc3 Rb8 11. Nc4 c5 12. Ne5 Bb7 13. Bxb7 Rxb7 14.
Nc6 Qd6 15. Nxe7+ Qxe7 16. Ba3 Rd8 17. Bxc5 Qe8 18. Qc2 Rdb8 19. Rab1 a6 20. Rxb7 Rxb7 21. Rb1 Qc6 22. Rxb7 Qxb7 23. Qb3 Qxb3 24. axb3 Ne4 25. Bb4 Nd2 26. Ba5 Nxb3 27. Bxc7 Kf8 28. Bd6+ Ke8 29. Kf1 Kd7 30. Ba3 Kc6 31. e4 h5 32. Ke2 Kb5 33.
Kd3 a5 34. Bf8 a4 35. c4+ Kc6 36. Kc3 g6 37. d5+ exd5 38. cxd5+ Kb5 39. e5 Nc5 40. f4 Ne4+ 41. Kd4 Nd2 42. Kd3 Nc4 43. Kd4 Nb6 44.
e6 fxe6 45. dxe6 Kc6 46. Ke5 Nc4+ 47. Kf6 a3 48. Bxa3 Nxa3 49. e7 Kd7 50. Kf7 Nc4 51. e8=Q+ Kc7 52. Kxg6 Nd6 53. Qe7+ Kc6 54. Qxd6+ Kxd6 55. Kxh5 1-0

[Event "Early-Titled-Tuesday-Blitz-January-16-2024"]
[Site "Chess.com"]
[Date "2024.01.16"]
[Round "1"]
[White "Andrey_Klymchuk"]
[Black "MusicCityMaster"]
[Result "1-0"]
[WhiteElo "2798"]
[BlackElo "2431"]
[TimeControl "180+1"]
[EndTime "8:08:00 PST"]
[Termination "Andrey_Klymchuk won by resignation"]

1. e4 e6 2. d4 d5 3. Nd2 Nc6 4. Ngf3 Nf6 5. e5 Nd7 6. Be2 f6 7. exf6 Qxf6 8. Nf1 Bd6 9. Ne3 O-O 10. O-O Nb6 11. c4 dxc4 12. Nxc4 Nxc4 13. Bxc4 Kh8 14. Bg5 Qg6 15. Bh4 e5 16. d5 Rf4 17. dxc6 Rxc4 18.
cxb7 Bxb7 19. Bg3 Rf8 20. Re1 Bxf3 21. gxf3 h5 22. b3 Rd4 23. Qb1 Qxb1 24. Raxb1 Rf5 25. h4 Rd2 26. a4 Kh7 27. Rbc1 Kg6 28. Kg2 Rd3 29. Re3 Rd2 30. Rc6 Kf7 31. Ra6 Rb2 32. Rxa7 Ke6 33. Ra6 Kd5 34. Rd3+ Ke6 35. a5 Ra2 36.
Ra8 e4 37. fxe4 Rfxa5 38. Rxa5 Rxa5 39. f4 Ra2+ 40. Kf3 Rc2 41. f5+ Ke7 42. e5 Bc5 43. Bf4 Rf2+ 44. Ke4 Re2+ 45. Kd5 Bb6 46. Bg5+ Ke8 47. e6 Rf2 48. Ke4 Re2+ 49. Kf4 Rf2+ 50. Rf3 Rxf3+ 51. Kxf3 Bc5 52. Ke4 Bd6 53. Bf4 Be7 54.
Bxc7 Bxh4 55. b4 Bf2 56. b5 h4 57. Kf3 Bc5 58. b6 Ke7 59. b7 Ba7 60. Be5 g6 61. fxg6 Kxe6 62. g7 Kf7 63. Kg4 Kg8 64. Kxh4 Kf7 65.
Kg4 Kg8 66. Kf5 Kf7 67. Ke4 Kg8 68. Kd5 Kf7 69. Kc6 Kg8 70. Kc7 Kf7 71. b8=Q 1-0

[Event "Early-Titled-Tuesday-Blitz-January-16-2024"]
[Site "Chess.com"]
[Date "2024.01.16"]
[Round "1"]
[White "carokannlover213"]
[Black "goodwilll"]
[Result "1-0"]
[WhiteElo "2781"]
[BlackElo "2418"]
[TimeControl "180+1"]
[EndTime "8:08:01 PST"]
[Termination "carokannlover213 won on time"]

1. e4 e5 2. Nf3 Nc6 3. Bc4 Be7 4. d4 d6 5. dxe5 dxe5 6. Qxd8+ Bxd8 7. c3 Nf6 8. Ng5 O-O 9. Nd2 Be7 10. Ngf3 a6 11. Ke2 Bg4 12. h3 Bh5 13. Bd3 Rad8 14. g4 Bg6 15. Nh4 Nd7 16. Nf5 Nc5 17. Bc2 Ne6 18. Nf3 Rfe8 19. Be3 f6 20. Bb3 Bf7 21. Rad1 Bf8 22.
Bd5 Nf4+ 23. Bxf4 exf4 24. Bxf7+ Kxf7 25. Rxd8 Rxd8 26. N5d4 Ne5 27. Nxe5+ fxe5 28. Nf3 Bd6 29. Rd1 Kf6 30. Rd5 c6 31. Rd1 h6 32. h4 Ke6 33.
Rg1 Rh8 34. h5 Be7 35. Rd1 b5 36. Nd2 g6 37. hxg6 Rg8 38. Kf3 Rxg6 39. Rh1 a5 40. a4 Bf8 41. Ra1 b4 42. Nc4 bxc3 43. bxc3 Bg7 44. Nxa5 Kd6 45. Nb7+ Kc7 46. Nc5 Bf8 47.
Nd3 Bd6 48. c4 Kb6 49. c5+ Bxc5 50. a5+ Kb5 51. Rb1+ Kc4 52. Nxe5+ 1-0

[Event "Early-Titled-Tuesday-Blitz-January-16-2024"]
[Site "Chess.com"]
[Date "2024.01.16"]
[Round "1"]
[White "tigurones"]
[Black "Adar_07"]
[Result "1/2-1/2"]
[WhiteElo "2376"]
[BlackElo "2667"]
[TimeControl "180+1"]
[EndTime "8:08:02 PST"]
[Termination "Game drawn - insufficient material"]

1. d4 Nf6 2. Nf3 b6 3. c4 Bb7 4. Nc3 e6 5. g3 Bb4 6. Bg2 c5 7.
dxc5 bxc5 8. Bd2 Nc6 9. O-O O-O 10. Nb5 Bxd2 11. Qxd2 d5 12. cxd5 exd5 13. Rac1 Ne4 14. Qe3 Re8 15. Qb3 Ba6 16. Rfd1 Qb6 17. a4 c4 18. Qe3 Qxe3 19. fxe3 Bxb5 20. axb5 Nb4 21. Nd2 Nxd2 22. Rxd2 Rad8 23. e4 Na2 24. Ra1 c3 25.
bxc3 Nxc3 26. exd5 Nxe2+ 27. Kf2 Nc3 28. Rxa7 Nxb5 29.
Rb7 Nd6 30. Rb4 g6 31. Re2 Kg7 32. Rxe8 Nxe8 33. Ke3 Nf6 34. Kd4 h5 35. Kc5 Rc8+ 36. Kb6 Rc2 37. Bf3 Rxh2 38. d6 Rh3 39. Bc6 Rxg3 40.
Rd4 g5 41. d7 Nxd7+ 42. Rxd7 Kg6 43. Bd5 f6 44. Be4+ f5 45. Rd6+ Kf7 46. Bxf5 g4 47. Rh6 Rh3 48. Kc5 Kg7 49. Rg6+ Kf7 50. Kd5 Rf3 51. Ke4 Ra3 52. Rh6 Ra4+ 53. Ke5 Ra5+ 54. Ke4 Ra4+ 55. Ke5 Ra5+ 56. Kf4 Ra4+ 57. Be4 Ra5 58.
Rh7+ Kf6 59. Rh6+ Kg7 60. Rg6+ Kf7 61. Rg5 Rxg5 62. Kxg5 g3 63. Kxh5 g2 64. Bxg2 1/2-1/2

[Event "Early-Titled-Tuesday-Blitz-January-16-2024"]
[Site "Chess.com"]
[Date "2024.01.16"]
[Round "1"]
[White "NastyaHn"]
[Black "lefonghua"]
[Result "0-1"]
[WhiteElo "2300"]
[BlackElo "2644"]
[TimeControl "180+1"]
[EndTime "8:08:02 PST"]
[Termination "lefonghua won on time"]

1. Nc3 c5 2. e4 g6 3. d4 cxd4 4. Qxd4 Nf6 5. e5 Nc6 6. Qf4 Nh5 7. Qe4 Bg7 8. g4 d5 9. Qxd5 Bxg4 10. Bb5 O-O 11.
Qxd8 Rfxd8 12. f4 Nb4 13. Ba4 Bf5 14. Be3 Nxc2+ 15. Bxc2 Bxc2 16. Nge2 Bf5 17. Kf2 Kf8 18. Ng3 Nxg3 19. hxg3 h5 20. Nb5 a6 21. Nd4 Be4 22.
Rhc1 Rac8 23. Nb3 Bd5 24. Nc5 Ke8 25. Rc3 f6 26. Bd4 fxe5 27. Bxe5 Bxe5 28. fxe5 e6 29. Rac1 Ke7 30. b3 Rf8+ 31. Ke2 Rf5 32. Nd3 Rxc3 33.
Rxc3 Kd8 34. Rc1 Be4 35. Rc5 Bd5 36. Rc1 g5 37. Rg1 Ke7 38. Rc1 Kd8 39. Kd2 h4 40.
gxh4 gxh4 41. Rg1 h3 42. Rg3 Rh5 43. Rg8+ Kc7 44. Rg7+ Kb8 45. Rg8+ Ka7 46. Nf2 h2 47. Kc3 h1=Q 48. Nxh1 Rxh1 49. Kd4 Rh4+ 50. Kc5 Rh2 51. a4 Bxb3 52. Kd6 Bd5 53. Ke7 Ra2 54. Kd6 Rxa4 55. Rd8 Rc4 56. Rg8 Kb6 57. Rg7 a5 0-1

[Event "Early-Titled-Tuesday-Blitz-January-16-2024"]
[Site "Chess.com"]
[Date "2024.01.16"]
[Round "1"]
[White "Byniolus"]
[Black "ylr5000"]
[Result "0-1"]
[WhiteElo "2753"]
[BlackElo "2429"]
[TimeControl "180+1"]
[EndTime "8:08:05 PST"]
[Termination "ylr5000 won by resignation"]

1. d4 Nf6 2. Nf3 g6 3. Bf4 d6 4. h3 Bg7 5. e3 O-O 6. Be2 b6 7.
O-O Bb7 8. a4 a6 9. c3 Nbd7 10.
Bh2 Qe8 11. Qb3 e5 12. Nbd2 Ne4 13. Rfd1 Nxd2 14. Rxd2 Qe7 15. a5 b5 16. c4 Rab8 17. cxb5 Bxf3 18. Bxf3 Rxb5 19. Qc2 c5 20. Be2 Rb4 21.
dxe5 Bxe5 22. Bxe5 Nxe5 23. Bxa6 c4 24. Rad1 Nd3 25.
Qc3 d5 26. Rxd3 cxd3 27. Bxd3 Rfb8 28. a6 Rxb2 29. Qd4 Qa3 30. Qxd5 Qb3 31. Qf3 Rd8 32.
a7 Qa4 33. Qe4 Qxe4 34. Bxe4 Rxd1+ 35. Kh2 Ra1 36. a8=Q+ Rxa8 37. Bxa8 Rxf2 38. Kg3 Rb2 39. Bf3 Kg7 40. h4 Kf6 41. Kf4 Rb4+ 42. e4 Ke6 43. g4 h6 44. g5 hxg5+ 45. hxg5 Kd6 46. Bg4 Kc5 47. Ke5 Rb6 48. Be2 Kb4 49. Kd4 Rd6+ 50. Ke5 Re6+ 51. Kd4 Rd6+ 52. Ke5 Rd2 53. Ba6 Rg2 54. Kf6 Kc5 55. Bc8 Kd4 56. Kxf7 Rxg5 57. Kf6 Rc5 58. Kxg6 Rxc8 0-1

[Event "Early-Titled-Tuesday-Blitz-January-16-2024"]
[Site "Chess.com"]
[Date "2024.01.16"]
[Round "1"]
[White "hakanazeri2"]
[Black "shimastream"]
[Result "1/2-1/2"]
[WhiteElo "2530"]
[BlackElo "3006"]
[TimeControl "180+1"]
[EndTime "8:08:07 PST"]
[Termination "Game drawn by repetition"]

1. Nf3 d5 2. d4 c6 3. c4 Nf6 4. Nc3 dxc4 5. a4 Bf5 6. Ne5 Nbd7 7.
Nxc4 Nb6 8. Ne5 a5 9. f3 Nfd7 10. Nxd7 Nxd7 11. e4 Bg6 12. Be3 Qb6 13. Qd2 e5 14.
Rd1 Qc7 15. d5 Bb4 16. h4 h5 17. d6 Qd8 18. Bc4 O-O 19. O-O Qxh4 20. Qc1 Bc5 21.
Ne2 Bxe3+ 22. Qxe3 Qd8 23. Kh2 Kh7 24. Bb3 Qb6 25.
Qxb6 Nxb6 26. f4 exf4 27. Nxf4 Bxe4 28. Nxh5 Bd5 29. Bc2+ Kg8 30. Rf4 Rfd8 31. Rg4 g6 32. Nf6+ Kg7 33. Ne4 Nc4 34. Rf4 Ne3 35. Rd2 Nxc2 36.
Rxc2 Bxe4 37. Rxe4 Rxd6 38. Re7 Rb8 39. Rf2 Rf6 40.
Rd2 b5 41. axb5 cxb5 42. Rdd7 a4 43. Ra7 Rc8 44. Reb7 Rc5 45. Kg3 Rg5+ 46. Kh2 Rf2 47. Kh3 Rfxg2 48. Rxf7+ Kg8 49. Rg7+ Kf8 50. Rgf7+ Ke8 51.
Rfe7+ Kf8 52. Rf7+ Kg8 53. Rg7+ Kf8 54. Rgf7+ 1/2-1/2

[Event "Early-Titled-Tuesday-Blitz-January-16-2024"]
[Site "Chess.com"]
[Date "2024.01.16"]
[Round "1"]
[White "Akewjon"]
[Black "PapiPapita"]
[Result "1-0"]
[WhiteElo "2749"]
[BlackElo "2403"]
[TimeControl "180+1"]
[EndTime "8:08:07 PST"]
[Termination "Akewjon won by resignation"]

1. Nf3 Nf6 2. c4 b6 3. g3 Bb7 4. Bg2 c5 5. b3 e6 6. Bb2 d6 7. O-O Nbd7 8. e3 Be7 9. d3 O-O 10. Nc3 a6 11. Qe2 Rc8 12. Rfd1 Rc7 13. a4 Bc6 14. d4 cxd4 15. exd4 Re8 16. a5 bxa5 17. Rxa5 Rb7 18. Rxa6 Bxf3 19. Bxf3 Rxb3 20. Nb5 Nb6 21. Bc6 Rf8 22. Ba3 Nfd7 23. c5 dxc5 24. dxc5 Nd5 25. Bxd5 exd5 26. Rxd5 Qc8 27. Na7 Rb1+ 28.
Kg2 Qa8 29. c6 Nf6 30. Rda5 Bxa3 31. Rxa3 Qd8 32. Qf3 Nd5 33. Rd3 Nf4+ 34. gxf4 Qe7 35. Ra5 Qe1 36. Kh3 Qxa5 37. Rd7 Qf5+ 38. Qg4 Rb3+ 39.
Kh4 Qf6+ 40. Qg5 Qc3 41. Qg3 Qc4 42. Qg4 Rb4 43. c7 Rb7 44. c8=Q Rxc8 45. Rxb7 Re8 46. f5 Qd5 47. f6 g5+ 48. Qxg5+ Qxg5+ 49. Kxg5 1-0

[Event "Early-Titled-Tuesday-Blitz-January-16-2024"]
[Site "Chess.com"]
[Date "2024.01.16"]
[Round "1"]
[White "Zakaryan_David"]
[Black "oneshot007"]
[Result "0-1"]
[WhiteElo "2683"]
[BlackElo "2391"]
[TimeControl "180+1"]
[EndTime "8:08:07 PST"]
[Termination "oneshot007 won by checkmate"]

1. e4 c5 2. Nf3 d6 3. d4 cxd4 4.
Nxd4 Nf6 5. Nc3 g6 6. f3 Nc6 7. Be3 h5 8. Qd2 Nxd4 9. Bxd4 Bh6 10. Qf2 Qa5 11. Bc4 Be6 12. Bxe6 fxe6 13. Bxf6 exf6 14. Qd4 Qe5 15. Qa4+ Ke7 16. g3 Be3 17. Rd1 h4 18.
Ke2 Bb6 19. Qb5 hxg3 20. Qxe5 dxe5 21. hxg3 Rac8 22. Rxh8 Rxh8 23. Na4 Rh2+ 24. Kd3 Bc7 25. Kc3 Bd6 26. g4 b5 27. b3 bxa4 28. bxa4 Bc5 29. Kb3 Rf2 30. Rd3 Rf1 31. c3 Rb1+ 32. Kc4 Bd6 33.
Rd2 Rb7 34. Rh2 Rc7+ 35. Kb3 g5 36. a5 Kd7 37. c4 Kc6 38. Ka4 Rb7 39. Rh6 Rb4+ 40.
Ka3 Rxc4+ 41. Kb3 Rb4+ 42. Kc3 Be7 43. Rh7 Rb7 44. Kc4 Rd7 45. Rh6 Bd8 46. Kb3 Rd3+ 47.
Kc4 Rxf3 48. Rh8 Bxa5 49. Rc8+ Kd7 50. Rg8 Bb6 51. Kb5 Rf2 52. a4 Rb2+ 53. Ka6 Kc6 54.
Rc8+ Kd6 55. Re8 Ra2 56. Kb5 Bd4 57. Rd8+ Kc7 58. Re8 Rb2+ 59. Ka6 Rb6+ 60. Ka5 Bc3# 0-1

[Event "Early-Titled-Tuesday-Blitz-January-16-2024"]
[Site "Chess.com"]
[Date "2024.01.16"]
[Round "1"]
[White "Legendinunknown"]
[Black "BelyakovBogdan"]
[Result "1-0"]
[WhiteElo "2790"]
[BlackElo "2423"]
[TimeControl "180+1"]
[EndTime "8:08:09 PST"]
[Termination "Legendinunknown won by resignation"]

1. d4 Nf6 2. Nf3 g6 3. Bg5 Bg7 4. Nbd2 h6 5. Bxf6 Bxf6 6. e4 d6 7. Bd3 Nd7 8. c3 b6 9. Qe2 Bb7 10. e5 dxe5 11. dxe5 Bg7 12. e6 Nc5 13. exf7+ Kxf7 14. Bc4+ Bd5 15. O-O-O Bxc4 16. Qxc4+ e6 17. Ne4 Qe7 18.
Nxc5 bxc5 19. Qf4+ Bf6 20. Kb1 Kg7 21. Rhe1 Rad8 22. a4 Rd6 23. Rd2 Rb8 24. Qc4 Qd7 25.
Red1 h5 26. Qxc5 Rd8 27. Nd4 Kg8 28. Qc4 Kh8 29. Kc2 c5 30. Nb3 Qc6 31. f3 Rxd2+ 32. Rxd2 Rxd2+ 33. Nxd2 Qd6 34. h3 Qg3 35. Qxe6 Bg7 36.
Qe2 Qf4 37. Ne4 Qf5 38. Qc4 Qe5 39. Qxc5 Qh2 40. Qf2 Qc7 41. Qd2 Qc6 42. b3 Qc7 43.
Qd6 Qf7 44. Qb8+ Bf8 45. Qc8 Qe7 46. b4 Qf7 47. Kd3 Qd5+ 48. Ke3 Kg7 49. Qc7+ Kh8 50. Qxa7 Qf5 51. Qd4+ Bg7 52. Qd8+ Kh7 53. h4 Qe5 54.
Qd7 Qh2 55. Ng5+ Kh6 56. Nf7+ Kh7 57. Ng5+ Kh6 58. Ne6 Qe5+ 59. Kf2 Bf6 60. Qd2+ Kh7 61. Ng5+ Bxg5 62. hxg5 Qd6 63. Qxd6 1-0

[Event "Early-Titled-Tuesday-Blitz-January-16-2024"]
[Site "Chess.com"]
[Date "2024.01.16"]
[Round "1"]
[White "SharapovEvgeny"]
[Black "Polish_fighter3000"]
[Result "0-1"]
[WhiteElo "2535"]
[BlackElo "3069"]
[TimeControl "180+1"]
[EndTime "8:08:10 PST"]
[Termination "Polish_fighter3000 won on time"]

1. e4 c5 2. Nf3 e6 3. c4 Nc6 4.
Nc3 Nf6 5. Be2 Qc7 6. O-O a6 7. Re1 Bd6 8. h3 Ne5 9. d4 Nxf3+ 10. Bxf3 cxd4 11. Qxd4 Bh2+ 12. Kh1 Be5 13. Qd3 b6 14.
Be3 O-O 15. Rad1 Bb7 16. Bd4 Rfc8 17. Bxe5 Qxe5 18. Qd6 Qxd6 19. Rxd6 b5 20. cxb5 axb5 21. e5 Bxf3 22. gxf3 b4 23. exf6 bxc3 24. bxc3 gxf6 25.
Rxd7 Rxc3 26. Rg1+ Kf8 27. Rb1 Kg7 28. Rg1+ Kf8 29.
Rb1 Rxf3 30. Kg2 Rf5 31. Rbb7 Rg5+ 32. Kf1 Rg7 33. a4 h5 34. a5 Kg8 35. Rb5 Rg5 36. Rbb7 Rg7 37. Rb5 h4 38. Rd6 Rg5 39. Rxg5+ fxg5 40.
a6 Kg7 41. Ke2 Kf6 42. Rb6 Kf5 43. Kf3 e5 44. Rb7 e4+ 45. Ke3 Rxa6 46. Rxf7+ Kg6 47. Re7 Ra3+ 48. Kxe4 Rxh3 49. f4 Rh1 50. Re6+ Kh5 51. Re5 Re1+ 52. Kf5 Rf1 53. Re4 h3 0-1

[Event "Early-Titled-Tuesday-Blitz-January-16-2024"]
[Site "Chess.com"]
[Date "2024.01.16"]
[Round "1"]
[White "crescentmoon2411"]
[Black "Practical-Play"]
[Result "1-0"]
[WhiteElo "2927"]
[BlackElo "2496"]
[TimeControl "180+1"]
[EndTime "8:08:10 PST"]
[Termination "crescentmoon2411 won by resignation"]

1. d4 Nf6 2. c4 d5 3. Nf3 e6 4. Nc3 c5 5. cxd5 cxd4 6. Qa4+ Bd7 7. Qxd4 exd5 8. Bg5 Nc6 9. Qd2 Bb4 10. e3 h6 11. Bxf6 Qxf6 12. Bd3 d4 13. exd4 O-O-O 14. O-O Nxd4 15. Nxd4 Qxd4 16. Qc2 Kb8 17. Ne2 Qf6 18. Be4 Rhe8 19. Ng3 Bb5 20. Rfd1 Rd4 21. Rxd4 Qxd4 22.
Rd1 Qc5 23. Qxc5 Bxc5 24. Rd5 Bc6 25. Rxc5 Bxe4 26. f3 Bc6 27. Kf2 g6 28. h4 Rd8 29.
Rc2 Kc7 30. Ne4 Kb6 31. Nc3 a5 32. Re2 Rd4 33. h5 a4 34. hxg6 fxg6 35. a3 h5 36.
Ke3 Rd8 37. Kf4 h4 38. Kg5 h3 39. gxh3 Bxf3 40. Re6+ Ka5 41. Re5+ Ka6 42. Nxa4 Rd2 43. Kxg6 Bc6 44. Nc5+ Kb6 45. b4 Rh2 46. Re3 Kc7 47. Kg5 Kd6 48. h4 Kd5 49. h5 Kd4 50. Rg3 Ke5 51.
h6 b6 52. Nd3+ Kd4 53. Nf4 Be4 54. Rh3 Rxh3 55. Nxh3 Kc3 56. Nf4 Bh7 57. Kf6 Kb3 58. Kg7 Be4 59. Ng6 Kxa3 60. h7 Bxg6 61. Kxg6 Kxb4 62. h8=Q b5 63. Kf5 Ka3 64. Qc3+ Ka4 65. Ke4 b4 66. Qb2 Ka5 67. Kd5 1-0

[Event "Early-Titled-Tuesday-Blitz-January-16-2024"]
[Site "Chess.com"]
[Date "2024.01.16"]
[Round "1"]
[White "lilleper1"]
[Black "FARIZA2018"]
[Result "1-0"]
[WhiteElo "2948"]
[BlackElo "2504"]
[TimeControl "180+1"]
[EndTime "8:08:11 PST"]
[Termination "lilleper1 won on time"]

1. Nf3 Nf6 2. c4 e6 3. g3 d5 4. Bg2 dxc4 5. Qa4+ Nbd7 6. Qxc4 a6 7. Qc2 c5 8. a4 b6 9. O-O Bb7 10. Nc3 Be7 11.
e4 O-O 12. Rd1 Rc8 13. d3 Qc7 14. Bf4 e5 15. Be3 Rfd8 16. Nh4 Nf8 17. Bh3 Rb8 18. Rf1 Bc8 19. Bxc8 Rbxc8 20. f4 Ne6 21. fxe5 Qxe5 22. Nf5 Nd4 23. Qg2 Nxf5 24. Rxf5 Qe6 25. Rd1 Ng4 26.
Qe2 Nxe3 27. Qxe3 Bf6 28. Kg2 Bd4 29. Qe2 g6 30. Rff1 Rd7 31. Qf3 Re8 32. Nd5 Kg7 33.
b3 Be5 34. g4 b5 35. axb5 axb5 36. Rc1 Bd4 37. h4 Ra8 38. Rc2 Rda7 39. Qe2 Qe5 40. Qf3 Qe6 41. Nf4 Qc6 42. h5 g5 43. Nd5 Qe6 44. Qe2 Qe5 45. Rf5 Qe6 46. Rxg5+ Kh8 47. Rf5 Rg8 48. Qf3 f6 49. Kh3 Rf7 50. Rg2 Qd7 51.
Kh2 Qe6 52. g5 1-0

[Event "Early-Titled-Tuesday-Blitz-January-16-2024"]
[Site "Chess.com"]
[Date "2024.01.16"]
[Round "1"]
[White "rhungaski"]
[Black "evgchess5"]
[Result "1-0"]
[WhiteElo "2529"]
[BlackElo "2967"]
[TimeControl "180+1"]
[EndTime "8:08:12 PST"]
[Termination "rhungaski won on time"]

1. e4 c5 2. Nf3 e6 3. d4 cxd4 4. Nxd4 Nc6 5. Nb5 d6 6. c4 Nf6 7.
N1c3 a6 8. Na3 Be7 9. Be2 O-O 10.
O-O b6 11. Bf4 Bb7 12. Re1 Ne5 13. Bf1 Qc7 14. Rc1 Rac8 15. h3 Rfd8 16. Qd2 h6 17. Qe3 Bf8 18. Kh1 Ba8 19. Bh2 Qc5 20. f4 Qxe3 21. Rxe3 Ng6 22. f5 Ne5 23. Rd1 Re8 24. fxe6 fxe6 25. Be2 Nf7 26. Re1 Bb7 27. Bd1 Ne5 28. Be2 Red8 29. Bg3 Be7 30. Kh2 Ba8 31. Kh1 Nfd7 32. Na4 Bc6 33. Bd1 b5 34. cxb5 axb5 35.
Bb3 bxa4 36. Bxe6+ Kh8 37. Rc3 Bb7 38. Rec1 Rxc3 39.
Rxc3 Nc6 40. Nb5 Nc5 41. Bd5 Na5 42. Nxd6 Bxd6 43. Bxd6 Rxd6 44. Rxc5 Bxd5 45. exd5 Nb7 46. Rb5 Nd8 47. Ra5 Kg8 48. Kg1 Kf8 49. Rxa4 Rxd5 50. Rb4 Nc6 51. Rb7 Rd2 52. a4 Rd4 53. Rb6 Ne5 54.
b4 Nd3 55. Rb8+ 1-0

[Event "Early-Titled-Tuesday-Blitz-January-16-2024"]
[Site "Chess.com"]
[Date "2024.01.16"]
[Round "1"]
[White "Yurasova_Daria"]
[Black "WhiteKnight2612"]
[Result "0-1"]
[WhiteElo "2463"]
[BlackElo "2860"]
[TimeControl "180+1"]
[EndTime "8:08:13 PST"]
[Termination "WhiteKnight2612 won on time"]

1. d4 Nf6 2. Bg5 Ne4 3. Bf4 c5 4. f3 Qa5+ 5. c3 Nf6 6. d5 e6 7. e4 b5 8. Nh3 Bb7 9. d6 Nc6 10. Be2 h6 11. O-O b4 12. Nd2 g5 13. Nc4 Qd8 14. Be3 Bg7 15. Bxc5 bxc3 16. bxc3 O-O 17. Kh1 Ba6 18. Qa4 Qc8 19. Ba3 Ne5 20. Nxe5 Bxe2 21.
Rfe1 Ba6 22. c4 Rd8 23. c5 Ne8 24. Nc4 Bxa1 25. Rxa1 Rb8 26. Nf2 Bxc4 27. Qxc4 Nxd6 28. Qd3 Nb5 29. Bb2 Qxc5 30. Ng4 Kf8 31. Bf6 Rdc8 32. h4 gxh4 33. Qxd7 Rc7 34. Qd2 Qh5 35. a4 h3 36. g3 Rbc8 37. axb5 Qg6 38. Be5 Rc2 39. Qd6+ Kg8 40. Nf6+ Kh8 41. Rd1 h2 42. Qd8+ Kg7 43.
Qe7 Qg5 44. Ne8+ Kg8 45. Nf6+ Kg7 46. Ng4+ Kg6 47. Qd6 Rc1 0-1

[Event "Early-Titled-Tuesday-Blitz-January-16-2024"]
[Site "Chess.com"]
[Date "2024.01.16"]
[Round "1"]
[White "Franmu14"]
[Black "Pawnpusher1245"]
[Result "1-0"]
[WhiteElo "2686"]
[BlackElo "2361"]
[TimeControl "180+1"]
[EndTime "8:08:14 PST"]
[Termination "Franmu14 won on time"]

1. e4 g6 2. Nc3 Bg7 3. d4 c6 4. Be3 d5 5. Qd2 dxe4 6. Nxe4 Nd7 7. O-O-O Ngf6 8. Nxf6+ Nxf6 9. Kb1 O-O 10. Bd3 Ng4 11. Ne2 Nxe3 12. Qxe3 Re8 13. f4 Be6 14. h3 Rc8 15. g4 c5 16. dxc5 Qa5 17. Nc1 Qxc5 18. Qxc5 Rxc5 19. Nb3 Rcc8 20. f5 Bd5 21. Rhe1 e6 22.
fxe6 Bxe6 23. Be4 b6 24. c3 Red8 25. Bb7 Rxd1+ 26. Rxd1 Rb8 27. Bg2 Bf6 28. Nd4 Rd8 29. b3 h5 30. gxh5 gxh5 31. Kc2 Bc8 32. b4 h4 33. a4 Re8 34. Kd3 Bg5 35. Be4 Bxh3 36. Rg1 f6 37. b5 Bd7 38. Nf3 Re7 39. Nxg5 fxg5 40. Rxg5+ Rg7 41. Rh5 h3 42. Kd4 Kf8 43.
Ke5 Ke7 44. c4 Bc8 45. Rh8 Bd7 46. Rh5 Bc8 47. Bc6 Be6 48. Rh8 Bg4 49. Kd4 Be6 50. c5 Rg4+ 51. Ke5 bxc5 52. Rh7+ Bf7 53. a5 Rg5+ 54. Kf4 Rg8 55. Bd5 Rf8 56. Ke5 Ke8 57. Bc6+ Ke7 58. Rxh3 Be6 59. Rh7+ Rf7 60. Rxf7+ Bxf7 61. b6 axb6 62. a6 1-0